 Dungeon Crawl Stone Soup version 0.30-a0-222-ge547ba4400 (webtiles) character file.

Game seed: 18372638899144262518

42 Sobieck the Caller (level 3, -3/19 HPs)
             Began as a Kobold Summoner on Oct 8, 2022.
             Slain by a gnoll
             ... wielding a +0 spear
              (9 damage)
             ... on level 2 of the Dungeon.
             The game lasted 00:03:08 (1670 turns).

Sobieck the Caller (Kobold Summoner)                Turns: 1670, Time: 00:03:09

Health: -3/19      AC:  2    Str:  5    XL:     3   Next: 77%
Magic:  4/7        EV: 15    Int: 20    God:
Gold:   49         SH:  0    Dex: 15    Spells: 2/8 levels left

rFire   . . .      SeeInvis +    l - +4 dagger of Disharmony {freeze, Int+2 SInv, short}
rCold   . . .      Faith    .    (no shield)
rNeg    . . .      Spirit   .    j - +0 robe
rPois   .          Reflect  .    (no helmet)
rElec   .          Harm     .    (no cloak)
rCorr   .          Rampage  .    (no gloves)
Will    .....                    (no boots)
Stlth   +++.......               (no amulet)
HPRegen 0.23/turn                (no ring)
MPRegen 0.10/turn                (no ring)

@: no status effects
A: small, no large weapons, nightstalker 3
a: no special abilities


You were on level 2 of the Dungeon.
You visited 1 branch of the dungeon, and saw 2 of its levels.

You collected 49 gold pieces.


Innate Abilities, Weirdness & Mutations

You are small and have problems with some larger weapons.
You are completely attuned to the shadows.


   Skills:
 - Level 2.4 Dodging
 - Level 2.6 Stealth
 + Level 3.1 Spellcasting
 + Level 4.6 Summonings


You had 2 spell levels left.
You knew the following spells:

 Your Spells              Type           Power      Damage    Failure   Level
a - Call Imp              Summ           21%        N/A       3%          2
b - Summon Small Mammal   Summ           84%        N/A       1%          1
c - Summon Guardian Gole  Hex/Summ       12%        N/A       16%         3

Your spell library contained the following spells:

 Spells                   Type           Power      Damage    Failure   Level
 Magic Dart               Conj           12%        1d3       14%         1
 Searing Ray              Conj           6%         2d4       22%         2
 Call Canine Familiar     Summ           21%        N/A       6%          3
 Summon Lightning Spire   Summ/Air       12%        N/A       47%         4
 Fulminant Prism          Conj/Hex       1%         3d6       80%         4

Inventory:

Hand Weapons
 a - a +2 dagger of speed {short}
   (You took it off a goblin on level 1 of the Dungeon)
 d - a +0 dagger {short}
   (You took it off a kobold on level 1 of the Dungeon)
 l - the +4 dagger of Disharmony (weapon) {freeze, Int+2 SInv, short}
   (You found it on level 2 of the Dungeon)

   It freezes those it strikes, dealing additional cold damage.
   It can also slow down cold-blooded creatures.
   Int:       It affects your intelligence (+2).
   SInv:      It lets you see invisible.
Missiles
 e - 3 stones {throwing}
Armour
 j - a +0 robe (worn)
Magical Staves
 k - a staff of death {!astaff}
   (You found it on level 1 of the Dungeon)
Scrolls
 h - a scroll of vulnerability {unknown}
 i - 3 scrolls of identify {unknown}
 n - a scroll of magic mapping {unknown}
Potions
 b - a potion of magic
 c - a potion of ambrosia {unknown}
 f - 3 potions of curing {unknown}
 g - a potion of brilliance {unknown}
 m - 2 potions of flight {unknown}

Dungeon Overview and Level Annotations

Branches:
Dungeon (2/15) Zot: 10331

Altars:

..................
########.#############
......................
.............#########
####.#######.# #.# #.#
#.# #.# ###ยง##### #.#
#...@gg.. #.#
#...g5g.. #.####
#..r..... #....#
#........ ####.##
#...<.... #>.###
##...### ###...# ###.#
#.#


You could see 4 gnolls, a friendly crimson imp (summoned) and a friendly rat
(summoned).


Message History

You see here a ball python corpse.
l - the +4 dagger of Disharmony {freeze, Int+2 SInv, short} Unknown command.
Okay, then.
Unknown command.
You feel clever.
The +4 dagger of Disharmony {freeze, Int+2 SInv, short} glows with a cold blue light!
l - the +4 dagger of Disharmony (weapon)
{freeze, Int+2 SInv, short} Unknown command.
You now have 27 gold pieces (gained 13).
A rat comes into view.
Danger!
The helpless rat fails to defend itself.
You puncture the rat! You freeze the rat.
You kill the rat!
m - a metallic green potion You see here a rat corpse.
Unknown command.
m - 2 metallic green potions (gained 1)
You open the door.
There is an open door here.
i - 3 scrolls labelled WOLUIR XOLEBB (gained 1)
Found a stone staircase leading down.
Unknown command.
A quokka comes into view.
Danger!
The helpless quokka fails to defend itself.
You puncture the quokka! You freeze the quokka.
You kill the quokka!
This spell is extremely dangerous to cast!
Memorise Summon Guardian Golem, consuming 3 spell levels and leaving 2?
You start memorising the spell.
You continue memorising. x3
You finish memorising.
Spell assigned to 'c'.
Unknown command.
Unknown command.
Found an escape hatch in the floor.
Unknown command.
There is an escape hatch in the floor here.
Found a stone staircase leading down.
There is a stone staircase leading down here.
f - 3 viscous purple potions (gained 2)
There is a shaft here.
You see here a +0 club {mace}.
n - a scroll labelled ILLIPR IGUT Unknown command.
You now have 38 gold pieces (gained 11).
You now have 49 gold pieces (gained 11).
You open the door.
There is an open door here.
There is an open door here.
A giant cockroach comes into view.
Danger!
Casting: Summon Small Mammal (safe; 1% risk of failure)
Confirm with . or Enter, or press ? or * to list all spells.
A beastly little devil appears in a puff of flame.
The giant cockroach closely misses your crimson imp.
Casting: Call Imp (safe; 3% risk of failure)
Confirm with . or Enter, or press ? or * to list all spells.
The giant cockroach bites your crimson imp but does no damage.
Your crimson imp barely misses the giant cockroach.
Casting: Summon Small Mammal (safe; 1% risk of failure)
Confirm with . or Enter, or press ? or * to list all spells.
The giant cockroach misses your crimson imp.
Your crimson imp misses the giant cockroach.
Unknown command.
Your quokka disappears in a puff of smoke!
The giant cockroach closely misses your crimson imp.
Your quokka barely misses the giant cockroach.
The giant cockroach closely misses your crimson imp.
Your crimson imp barely misses the giant cockroach.
Your quokka bites the giant cockroach.
The giant cockroach bites your crimson imp but does no damage.
Your bat hits the giant cockroach.
Your crimson imp hits the giant cockroach.
Your bat closely misses the giant cockroach.
Your bat hits the giant cockroach but does no damage.
Your quokka bites the giant cockroach.
The giant cockroach dies!
Your crimson imp blinks!
Your quokka disappears in a puff of smoke!
Your bat disappears in a puff of smoke!
Your crimson imp blinks!
You open the door. 2 gnolls come into view.
There is an open door here.
Danger! 2 gnolls come into view.
Found an escape hatch in the ceiling.
The gnoll shouts! x4
The gnoll hits you with a +0 spear!
Casting: Summon Small Mammal (safe; 1% risk of failure)
Confirm with . or Enter, or press ? or * to list all spells.
A beastly little devil appears in a puff of flame.
Your crimson imp disappears in a puff of smoke!
The gnoll hits you with a +0 spear.
* * * LOW HITPOINT WARNING * * *
Casting: Call Imp (safe; 3% risk of failure)
Confirm with . or Enter, or press ? or * to list all spells.
The gnoll hits you with a +0 spear!
You die...

Skill      XL: |  1  2  3 |
---------------+----------+-----
Spellcasting   | 3 |  3.1
Dodging        | |  2.4
Stealth        | |  2.6
Summonings     | |  4.6

Action                   || total
-------------------------++-------
Melee: Unarmed           ||     5
       Dagger            ||    10
 Cast: Summon Small Mamm ||    30
       Call Imp          ||    12
 Stab: Sleeping          ||     9
Armor: Robe              ||     3
Dodge: Dodged            ||    16

Levels and vault maps discovered:
D:1:      dpeg_arrival_tiny_a, layout_loops_ring,
          dreamdust_ecumenical_altar_grove, minmay_cut_off
D:2:      layout_basic

Notes
Turn   | Place    | Note
-------+----------+-------------------------------------------
     0 | D:1      | Sobieck the Kobold Summoner began the quest for the Orb.
     0 | D:1      | Reached XP level 1. HP: 10/10 MP: 3/3
    97 | D:1      | HP: 1/10 [hobgoblin (5)]
    99 | D:1      | Reached XP level 2. HP: 2/15 MP: 1/5
   168 | D:1      | Learned a level 2 spell: Call Imp
   520 | D:1      | Reached XP level 3. HP: 19/19 MP: 1/7
   695 | D:1      | Reached skill level 3 in Spellcasting
   975 | D:1      | You pick up a book of Conjurations {@e2} and begin
                  | reading...
   975 | D:1      | You add the spells Magic Dart, Searing Ray and Fulminant
                  | Prism to your library.
  1063 | D:1      | Found a faded altar of an unknown god.
  1301 | D:2      | Identified the +4 dagger of Disharmony {freeze, Int+2 SInv}
  1471 | D:2      | Learned a level 3 spell: Summon Guardian Golem
  1670 | D:2      | Slain by a gnoll

Vanquished Creatures
  A giant cockroach (D:1)
  A goblin (D:1)
  A quokka (D:2)
  3 ball pythons
  3 rats
9 creatures vanquished.

Vanquished Creatures (collateral kills)
  2 dart slugs (D:1)
  2 ball pythons (D:1)
  A bat (D:1)
  5 endoplasms (D:1)
  3 giant cockroaches
  2 hobgoblins (D:1)
  A frilled lizard (D:1)
  4 goblins (D:1)
  2 kobolds (D:1)
  3 rats (D:1)
25 creatures vanquished.

Grand Total: 34 creatures vanquished

Table legend:
 A = Non-vault XP
 B = Vault XP
 C = Vault XP percentage of total XP
 D = Non-vault monster count
 E = Vault monster count
 F = Vault count percentage of total count
                 A         B        C        D         E       F
            +---------+---------+-------+---------+---------+-------
      Total |      52 |       8 |  13.3 |      30 |       4 |  11.8
            +---------+---------+-------+---------+---------+-------
        D:1 |      44 |       8 |  15.4 |      25 |       4 |  13.8
        D:2 |       8 |       0 |   0.0 |       5 |       0 |   0.0
            +---------+---------+-------+---------+---------+-------

Illustrated notes

Table legend:
 A = Kills in this place as a percentage of kills in entire the game.
 B = Kills by you in this place as a percentage of kills by you in the entire game.
 C = Kills by friends in this place as a percentage of kills by friends in the entire game.
 D = Other kills in this place as a percentage of other kills in the entire game.
 E = Experience gained in this place as a percentage of experience gained in the entire game.
 F = Experience gained in this place divided by the number of levels of this place that you have seen.
                   A       B       C       D       E      F
               +-------+-------+-------+-------+-------+----------------------
         Total | 100.0 | 100.0 | 100.0 |   N/A | 100.0 |  30.0
       Dungeon | 100.0 | 100.0 | 100.0 |   N/A | 100.0 |  30.0
               +-------+-------+-------+-------+-------+----------------------

Table legend: (Time is in decaauts)
 A = Elapsed time spent in this place.
 B = Non-inter-level travel time spent in this place.
 C = Inter-level travel time spent in this place.
 D = Time resting spent in this place.
 E = Time spent auto-exploring this place.
 F = Levels seen in this place.
 G = Mean time per level.
                   A        B        C        D        E       F      G
               +--------+--------+--------+--------+--------+-----+--------+
         Total |   1667 |   1649 |     18 |     56 |   1349 |   2 |  833.5 |
       Dungeon |   1667 |   1649 |     18 |     56 |   1349 |   2 |  833.5 |
               +--------+--------+--------+--------+--------+-----+--------+

Top non-repeatable levels by time:
     D:1: 1261 daAuts
     D:2: 405 daAuts
